 Seeded DCSS version 0.30.1-9-gdf580d7c3d (webtiles) character file.

Game seed: 7547814903460644772 (custom seed)

520 Psyclone the Magician (level 7, -13/36 HPs)
             Began as a Deep Elf Conjurer on Sept 26, 2023.
             Mangled by an ogre
             ... wielding a +0 giant spiked club
              (22 damage)
             ... on level 4 of the Dungeon.
             The game lasted 00:16:03 (3766 turns).

Psyclone the Magician (Deep Elf Conjurer)           Turns: 3766, Time: 00:16:04

Health: -13/36     AC:  2    Str:  4    XL:     7   Next: 1%
Magic:  12/19      EV: 13    Int: 25    God:
Gold:   304        SH:  0    Dex: 19    Spells: 9/20 levels left

rFire   . . .        a - +4 dagger (venom)
rCold   . . .        (no shield)
rNeg    . . .        v - +0 robe
rPois   .            (no helmet)
rElec   .            (no cloak)
rCorr   .            (no gloves)
SInv    .            (no boots)
Will    .....        (no amulet)
Stlth   ++           b - +6 ring of dexterity
HPRegen 0.26/turn    (no ring)
MPRegen 0.16/turn

%: no passive effects
@: no status effects
A: no striking features
a: no special abilities


You were on level 4 of the Dungeon.
You visited 1 branch of the dungeon, and saw 4 of its levels.
You also visited: Sewer.

You collected 304 gold pieces.

Inventory:

Hand Weapons
 a - a +4 dagger of venom (weapon)
Armour
 v - a +0 robe (worn)
Jewellery
 b - a +6 ring of dexterity (left hand)
Wands
 u - a wand of flame (27)
Scrolls
 c - 2 scrolls of identify {unknown}
 e - a scroll of magic mapping {unknown}
 j - 2 scrolls of enchant weapon {unknown}
 k - a scroll of vulnerability {unknown}
 l - a scroll of poison {unknown}
 o - a scroll of teleportation {unknown}
 p - a scroll of immolation {unknown}
 r - a scroll of amnesia {unknown}
 w - a scroll of enchant armour {unknown}
Potions
 d - 2 potions of haste {unknown}
 f - 2 potions of experience {unknown}
 g - a potion of heal wounds {unknown}
 h - 2 potions of might {unknown}
 i - a potion of cancellation {unknown}
 m - a potion of brilliance {unknown}
 n - a potion of degeneration {unknown}
 q - a potion of flight {unknown}
 s - a potion of resistance {unknown}
 t - 2 potions of attraction {unknown}
 x - a potion of mutation {unknown}


   Skills:
 - Level 2.4 Dodging
 - Level 2.4 Stealth
 + Level 7.4 Spellcasting
 + Level 7.2 Conjurations


You had 9 spell levels left.
You knew the following spells:

 Your Spells              Type           Power      Damage    Failure   Level
a - Magic Dart            Conj           100%       1d8       1%          1
b - Searing Ray           Conj           90%        2d7       1%          2
d - Fulminant Prism       Conj/Hex       13%        3d8       14%         4
q - Blink                 Tloc           18%        N/A       10%         2
v - Poisonous Vapours     Pois/Air       18%        N/A       10%         2

Your spell library contained the following spells:

 Spells                   Type           Power      Damage    Failure   Level
 Dazzling Flash           Conj/Hex       54%        N/A       4%          3
 Mephitic Cloud           Conj/Pois/Air  21%        N/A       7%          3
 Lesser Beckoning         Tloc           18%        N/A       10%         2
 Iskenderun's Mystic Bla  Conj/Tloc      27%        2d7       14%         4
 Gell's Gravitas          Tloc           9%         N/A       19%         3
 Inner Flame              Hex/Fire       9%         N/A       19%         3
 Teleport Other           Tloc           9%         N/A       19%         3
 Manifold Assault         Tloc           9%         N/A       54%         4
 Freezing Cloud           Conj/Ice/Air   10%        6-21      54%         5
 Yara's Violent Unravell  Hex/Tmut       4%         3d4       87%         5
 Enfeeble                 Hex            4%         N/A       100%        7
 Storm Form               Tmut/Air       4%         N/A       100%        7


Dungeon Overview and Level Annotations

Branches:
Dungeon (4/15) Zot: 20474   Sewer (visited)
 Temple: D:4-7

Altars:
Ashenzari
Nemelex Xobeh
Wu Jian
Yredelemnul

Annotations:
D:3 1 runed translucent door, Crazy Yiuf


Message History

Confirm with . or Enter, or press ? or * to list all spells.
Aiming: Poisonous Vapours (safe; 10% risk of failure)
Press: ? - help, Dir - move target, f/p - ogre
Aim: an ogre, wielding a +0 giant spiked club (moderately wounded, poisoned) Poisonous vapours surround the ogre!
The ogre looks even sicker.
You now have 15/19 mp.
Casting: Poisonous Vapours (safe; 10% risk of failure)
Confirm with . or Enter, or press ? or * to list all spells.
Aiming: Poisonous Vapours (safe; 10% risk of failure)
Press: ? - help, Dir - move target, f/p - ogre
Aim: an ogre, wielding a +0 giant spiked club (moderately wounded, poisoned) Poisonous vapours surround the ogre!
The ogre looks even sicker.
You now have 14/19 mp.
The ogre attacks as you move away! The ogre misses you.
The ogre attacks as you move away! The ogre barely misses you.
The ogre attacks as you move away! The ogre barely misses you.
The ogre attacks as you move away! The ogre completely misses you.
Casting: Poisonous Vapours (safe; 10% risk of failure)
Confirm with . or Enter, or press ? or * to list all spells.
Aiming: Poisonous Vapours (safe; 10% risk of failure)
Press: ? - help, Dir - move target, f/p - ogre
Aim: an ogre, wielding a +0 giant spiked club (heavily wounded, poisoned) Poisonous vapours surround the ogre!
The ogre looks even sicker.
You now have 13/19 mp.
The ogre attacks as you move away!
The ogre hits you with a +0 giant spiked club!!
Ouch! That really hurt!
* * * LOW HITPOINT WARNING * * *
You take 27 damage, and have 9/36 hp.
MASSIVE DAMAGE!!
Casting: Poisonous Vapours (safe; 10% risk of failure)
Confirm with . or Enter, or press ? or * to list all spells.
Aiming: Searing Ray (safe; 1% risk of failure)
Press: ? - help, Shift-Dir - straight line, f/p - ogre
Aim: an ogre, wielding a +0 giant spiked club (heavily wounded, very poisoned, 91% to hit)
The searing ray hits the ogre!
The ogre is severely wounded. (Press . to maintain the ray.)
The ogre hits you with a +0 giant spiked club!!
Ouch! That really hurt!
You die...

#................)....>#
##.##.######.##########.#
#.#.#.## #(# #.#
.###.#.## ##.##########.#
###.###.###.............#
##.## ##....#####.#####.#
###.###.##### #.....##.#
.###.#.#########.P.P.##.#
..#...##
#.....O@._..##.###
##.####
#.#####.P.P.##...# ###
#.# #.....##.#.# #.#
###....).#.# #.#
######.#.# #.# #...# #.#
###.# #.# .# #.# .#


You could see an ogre (very poisoned).

Vanquished Creatures
  Pargi (Sewer)
  2 ogres (D:4)
  Jessica (D:2)
  Natasha (thrice) (D:3)
  6 adders
  A river rat (D:4)
  7 worms
  A dart slug (D:3)
  3 orcs
  3 ball pythons
  4 bats
  4 endoplasms
  2 giant cockroaches
  9 hobgoblins
  7 jackals
  2 quokkas (D:2)
  4 frilled lizards
  9 goblins
  8 kobolds
  2 rats (D:1)
79 creatures vanquished.

Notes
Turn   | Place    | Note
-------+----------+-------------------------------------------
     0 | D:1      | Psyclone the Deep Elf Conjurer began the quest for the Orb.
     0 | D:1      | Reached XP level 1. HP: 10/10 MP: 6/6
    58 | D:1      | Found a faded altar of an unknown god.
   265 | D:1      | Reached XP level 2. HP: 15/15 MP: 4/8
   707 | D:2      | Reached skill level 5 in Conjurations
   707 | D:2      | Reached XP level 3. HP: 19/19 MP: 6/10
   817 | D:2      | Learned a level 2 spell: Searing Ray
  1018 | D:2      | Noticed Jessica
  1027 | D:2      | Killed Jessica
  1170 | D:2      | Reached XP level 4. HP: 24/24 MP: 8/12
  1710 | D:3      | Reached skill level 5 in Spellcasting
  1904 | D:3      | Learned a level 2 spell: Blink
  1907 | D:3      | Learned a level 2 spell: Poisonous Vapours
  1912 | D:3      | Learned a level 4 spell: Fulminant Prism
  1954 | D:3      | Found an ornate altar of the Wu Jian Council.
  1973 | D:3      | Noticed Natasha
  1978 | D:3      | Killed Natasha
  2086 | D:3      | Found a runed translucent door.
  2087 | D:3      | Noticed Crazy Yiuf
  2291 | D:3      | Noticed Natasha
  2372 | D:3      | Reached XP level 5. HP: 28/28 MP: 12/14
  2391 | D:3      | Found a broken altar of Ashenzari.
  2469 | D:3      | Killed Natasha
  2610 | D:3      | Noticed Natasha
  2618 | D:3      | Killed Natasha
  2894 | D:4      | Found a sparkling altar of Nemelex Xobeh.
  3165 | D:4      | Found a glowing drain.
  3174 | Sewer    | Entered a sewer
  3223 | Sewer    | Noticed Pargi
  3244 | Sewer    | Killed Pargi
  3245 | Sewer    | Reached XP level 6. HP: 3/32 MP: 12/17
  3617 | D:4      | Found a basalt altar of Yredelemnul.
  3686 | D:4      | Reached XP level 7. HP: 36/36 MP: 13/19
  3766 | D:4      | Mangled by an ogre

Illustrated notes

Levels and vault maps discovered:
D:1:      lordsloth_arrival_two_stooges, layout_basic,
          chequers_ecumenical_altar_simple
D:2:      layout_loops_ring, uniq_jessica
D:3:      layout_loops_cross, ashenzari_conservatory_becter,
          nzn_wu_jian_council_hall, chequers_serial_rivers_room_a,
          grunt_decor_cap, hangedman_abyss_or_decor_lesser_grid,
          hangedman_decor_peaks_small, minmay_gold_behind_fungi, uniq_natasha,
          uniq_crazy_yiuf_cottage
D:4:      layout_loops_ring, grunt_temple_overflow_order_and_chaos_2,
          yredelemnul_altar_generic, nemelex_dance_club_becter,
          gup_sewer_entry_bubbles

Skill      XL: |  1  2  3  4  5  6 |
---------------+-------------------+-----
Spellcasting   | 4 5 6 7 |  7.4
Conjurations   | 5 6 7 |  7.2
Dodging        | |  2.4
Stealth        | |  2.4

Action                     |  1- 3 |  4- 6 |  7- 9 || total
---------------------------+-------+-------+-------++-------
  Melee: Dagger            |     3 |     8 |       ||    11
   Cast: Magic Dart        |    49 |    61 |       ||   110
         Searing Ray       |     1 |    22 |     1 ||    24
         Poisonous Vapours |       |     3 |     5 ||     8
         Blink             |       |     2 |       ||     2
    Use: Potion            |       |     1 |       ||     1
   Stab: Sleeping          |     1 |     4 |       ||     5
 Armour: Robe              |     6 |     2 |       ||     8
  Dodge: Dodged            |     3 |    17 |     4 ||    24
